[ AOE2 MATCH · #505891936 ]
UnrankedLithuanians vs Gurjaras
Player's team · LOSS
Rival team · WIN
[ REPLAY ANALYSIS · EXTRACTED FROM THE RECORDED GAME ]
Feudal
9:23
Castle
22:45
Imperial
32:57
| APM avg | 50.0 |
| APM peak | 117 |
| eAPM avg | 22.0 |
| Villagers / military | 70 / 40 |
Focus
⚔️ 28.4% · 🌾 71.6%
Scout Cavalry ×23 · Spearman ×7 · Mangonel ×4 · Monk ×2 · Militia ×2 · Battering Ram ×1
Feudal
8:57
Castle
19:53
Imperial
31:32
| APM avg | 40.7 |
| APM peak | 72 |
| eAPM avg | 20.6 |
| Villagers / military | 88 / 35 |
Focus
⚔️ 36.8% · 🌾 63.2%
Armored Elephant ×7 · Monk ×6 · Camel Scout ×6 · Scout Cavalry ×6 · Shrivamsha Rider ×5 · Trebuchet (Packed) ×3
Match map
Initial resources + every placement click. Lines = walls · curves = elevation contours. ◆ gold · ⬟ stone · ● berries · ✦ relic · ◌ wall gap
Your base· ✓ Closed at 22:45 · 0t walls · 2 gate(s)
Ing.Patrick QG's base· ✓ Closed at 19:53 · 0t walls · 2 gate(s)
Smoothed initial terrain · ◌ = detected wall gap · hover for details
Inputs per minute
— DS_MD - - Ing.Patrick QG
Build order — DS_MD
First 150 of 224 actions detected
| 0:00 | Queue | Villager (Male) |
| 0:01 | Queue | Villager (Male) |
| 0:02 | Build | House |
| 0:03 | Build | House |
| 0:26 | Queue | Villager (Male) |
| 0:41 | Queue | Villager (Male) |
| 0:41 | Queue | Villager (Male) |
| 0:42 | Queue | Villager (Male) |
| 1:25 | Queue | Villager (Male) |
| 1:25 | Queue | Villager (Male) |
| 2:22 | Queue | Villager (Male) |
| 2:22 | Queue | Villager (Male) |
| 2:22 | Queue | Villager (Male) |
| 3:02 | Build | Lumber Camp |
| 3:23 | Queue | Villager (Male) |
| 3:47 | Queue | Villager (Male) |
| 3:49 | Build | House |
| 4:03 | Queue | Villager (Male) |
| 4:03 | Queue | Villager (Male) |
| 4:03 | Queue | Villager (Male) |
| 4:30 | Queue | Villager (Male) |
| 5:38 | Queue | Villager (Male) |
| 5:55 | Build | Mining Camp |
| 6:01 | Research | Loom |
| 7:10 | Build | House |
| 7:13 | Research | Feudal Age |
| 7:49 | Build | Mill |
| 8:18 | Queue | Villager (Male) |
| 9:05 | Queue | Villager (Male) |
| 9:23 | Age | Feudal Age |
| 9:29 | Build | Watch Tower |
| 9:32 | Queue | Villager (Male) |
| 9:34 | Research | Double-Bit Axe |
| 9:42 | Research | Horse Collar |
| 10:20 | Build | Blacksmith |
| 10:33 | Queue | Villager (Male) |
| 10:36 | Build | House |
| 10:50 | Queue | Villager (Male) |
| 11:01 | Queue | Villager (Male) |
| 11:10 | Research | Fletching |
| 11:14 | Queue | Villager (Male) |
| 11:36 | Queue | Villager (Male) |
| 12:02 | Queue | Villager (Male) |
| 12:10 | Build | House |
| 12:12 | Build | Market |
| 12:35 | Queue | Villager (Male) |
| 12:41 | Build | House |
| 13:08 | Queue | Villager (Male) |
| 13:18 | Build | Mining Camp |
| 13:35 | Queue | Villager (Male) |
| 13:38 | Build | Farm |
| 13:39 | Build | Farm |
| 14:03 | Queue | Villager (Male) |
| 14:09 | Build | Farm |
| 14:20 | Build | House |
| 14:30 | Queue | Villager (Male) |
| 14:41 | Build | Watch Tower |
| 15:01 | Queue | Villager (Male) |
| 15:04 | Build | Farm |
| 15:40 | Queue | Villager (Male) |
| 15:48 | Queue | Villager (Male) |
| 15:51 | Build | Farm |
| 15:53 | Build | Farm |
| 16:02 | Build | Farm |
| 16:05 | Build | Farm |
| 16:13 | Build | Mining Camp |
| 16:19 | Queue | Villager (Male) |
| 16:30 | Build | Farm |
| 16:32 | Build | Farm |
| 16:55 | Queue | Villager (Male) |
| 16:57 | Build | Farm |
| 16:58 | Build | Farm |
| 17:00 | Build | Farm |
| 17:22 | Queue | Villager (Male) |
| 17:25 | Build | Farm |
| 17:25 | Build | Farm |
| 17:37 | Build | Farm |
| 17:40 | Queue | Villager (Male) |
| 17:58 | Build | Lumber Camp |
| 18:06 | Queue | Villager (Male) |
| 18:18 | Build | Farm |
| 18:20 | Queue | Villager (Male) |
| 18:31 | Build | House |
| 18:43 | Build | Farm |
| 18:48 | Queue | Villager (Male) |
| 19:11 | Queue | Villager (Male) |
| 19:14 | Build | Farm |
| 20:05 | Research | Castle Age |
| 20:05 | Research | Castle Age |
| 20:05 | Research | Castle Age |
| 20:22 | Build | Barracks |
| 20:36 | Research | Gold Mining |
| 20:36 | Research | Gold Mining |
| 20:52 | Build | House |
| 20:53 | Build | House |
| 21:16 | Queue | Spearman |
| 21:17 | Queue | Spearman |
| 21:35 | Build | House |
| 21:38 | Research | Stone Mining |
| 21:41 | Research | Scale Mail Armor |
| 21:57 | Queue | Spearman |
| 22:14 | Research | Forging |
| 22:32 | Queue | Spearman |
| 22:45 | Age | Castle Age |
| 22:50 | Build | Castle |
| 22:53 | Build | Monastery |
| 22:54 | Queue | Villager (Male) |
| 22:54 | Queue | Villager (Male) |
| 22:58 | Queue | Spearman |
| 23:09 | Build | Siege Workshop |
| 23:14 | Queue | Villager (Male) |
| 23:42 | Queue | Villager (Male) |
| 23:44 | Queue | Monk |
| 23:52 | Queue | Spearman |
| 23:55 | Queue | Mangonel |
| 24:07 | Queue | Spearman |
| 24:11 | Queue | Battering Ram |
| 24:18 | Queue | Monk |
| 24:37 | Queue | Villager (Male) |
| 24:40 | Build | Stone Wall |
| 24:57 | Queue | Villager (Male) |
| 25:17 | Queue | Villager (Male) |
| 25:17 | Queue | Villager (Male) |
| 25:22 | Queue | Mangonel |
| 25:23 | Queue | Villager (Male) |
| 25:38 | Build | Farm |
| 25:40 | Build | Farm |
| 25:41 | Build | Farm |
| 25:43 | Build | Farm |
| 25:45 | Build | Farm |
| 25:46 | Build | Farm |
| 26:03 | Queue | Mangonel |
| 26:16 | Build | University |
| 26:18 | Queue | Villager (Male) |
| 26:19 | Queue | Villager (Male) |
| 26:25 | Research | Bodkin Arrow |
| 26:48 | Queue | Villager (Male) |
| 26:49 | Queue | Villager (Male) |
| 27:01 | Build | House |
| 27:02 | Build | House |
| 27:22 | Queue | Villager (Male) |
| 27:23 | Queue | Villager (Male) |
| 27:23 | Queue | Villager (Male) |
| 27:25 | Queue | Mangonel |
| 27:49 | Build | Lumber Camp |
| 27:50 | Build | Lumber Camp |
| 28:01 | Build | House |
| 28:02 | Build | House |
| 28:10 | Build | House |
| 28:38 | Build | Palisade Wall |
Build order — Ing.Patrick QG
First 150 of 226 actions detected
| 0:00 | Queue | Villager (Male) |
| 0:01 | Queue | Villager (Male) |
| 0:02 | Build | House |
| 0:04 | Build | House |
| 0:14 | Build | Mill |
| 0:17 | Queue | Villager (Male) |
| 0:28 | Queue | Villager (Male) |
| 1:30 | Queue | Villager (Male) |
| 1:58 | Queue | Villager (Male) |
| 1:58 | Queue | Villager (Male) |
| 2:04 | Queue | Villager (Male) |
| 2:45 | Queue | Villager (Male) |
| 2:50 | Queue | Villager (Male) |
| 3:11 | Build | House |
| 3:27 | Queue | Villager (Male) |
| 3:42 | Build | Lumber Camp |
| 4:01 | Queue | Villager (Male) |
| 4:13 | Queue | Villager (Male) |
| 4:33 | Queue | Villager (Male) |
| 4:49 | Queue | Villager (Male) |
| 5:12 | Queue | Villager (Male) |
| 5:36 | Queue | Villager (Male) |
| 5:50 | Build | House |
| 6:47 | Research | Feudal Age |
| 6:47 | Research | Feudal Age |
| 7:44 | Build | House |
| 8:19 | Build | Mining Camp |
| 8:57 | Age | Feudal Age |
| 9:02 | Queue | Villager (Male) |
| 9:04 | Research | Double-Bit Axe |
| 9:16 | Queue | Villager (Male) |
| 9:36 | Build | Watch Tower |
| 9:42 | Research | Loom |
| 9:56 | Build | Blacksmith |
| 10:12 | Queue | Villager (Male) |
| 10:38 | Research | Fletching |
| 10:40 | Build | House |
| 10:41 | Queue | Villager (Male) |
| 10:54 | Queue | Villager (Male) |
| 11:18 | Queue | Villager (Male) |
| 11:34 | Build | House |
| 11:34 | Queue | Villager (Male) |
| 11:48 | Queue | Villager (Male) |
| 11:50 | Build | Farm |
| 11:52 | Build | Farm |
| 11:55 | Build | Mining Camp |
| 12:25 | Queue | Villager (Male) |
| 12:35 | Queue | Villager (Male) |
| 12:37 | Queue | Villager (Male) |
| 12:39 | Build | Farm |
| 12:42 | Build | Farm |
| 12:54 | Build | Farm |
| 12:55 | Queue | Villager (Male) |
| 13:16 | Queue | Villager (Male) |
| 13:23 | Build | House |
| 13:24 | Queue | Villager (Male) |
| 13:36 | Queue | Villager (Male) |
| 13:38 | Build | Farm |
| 13:40 | Build | Farm |
| 14:08 | Queue | Villager (Male) |
| 15:04 | Queue | Villager (Male) |
| 15:06 | Build | Farm |
| 15:51 | Queue | Villager (Male) |
| 16:07 | Build | Mill |
| 16:25 | Build | Farm |
| 16:27 | Queue | Villager (Male) |
| 16:32 | Build | Market |
| 17:13 | Research | Castle Age |
| 17:13 | Research | Castle Age |
| 17:34 | Research | Horse Collar |
| 18:03 | Build | Barracks |
| 18:47 | Build | House |
| 18:56 | Queue | Spearman |
| 19:20 | Build | House |
| 19:53 | Age | Castle Age |
| 19:55 | Build | Monastery |
| 19:56 | Queue | Villager (Male) |
| 20:05 | Build | Siege Workshop |
| 20:20 | Queue | Villager (Male) |
| 20:38 | Queue | Monk |
| 20:45 | Queue | Armored Elephant |
| 20:50 | Queue | Villager (Male) |
| 20:59 | Build | Monastery |
| 21:11 | Queue | Villager (Male) |
| 21:19 | Queue | Armored Elephant |
| 21:21 | Queue | Scorpion |
| 21:24 | Queue | Villager (Male) |
| 21:44 | Build | House |
| 21:46 | Queue | Monk |
| 21:50 | Queue | Villager (Male) |
| 22:05 | Queue | Monk |
| 22:18 | Build | House |
| 22:19 | Queue | Villager (Male) |
| 22:21 | Build | Lumber Camp |
| 22:33 | Queue | Monk |
| 22:38 | Queue | Villager (Male) |
| 22:47 | Build | House |
| 23:04 | Queue | Villager (Male) |
| 23:09 | Research | Redemption |
| 23:10 | Queue | Villager (Male) |
| 23:15 | Queue | Armored Elephant |
| 23:25 | Queue | Villager (Male) |
| 23:27 | Build | House |
| 23:28 | Queue | Villager (Male) |
| 23:39 | Queue | Villager (Male) |
| 23:44 | Queue | Villager (Male) |
| 23:49 | Queue | Villager (Male) |
| 23:51 | Queue | Villager (Male) |
| 23:56 | Build | Castle |
| 23:57 | Queue | Villager (Male) |
| 24:02 | Queue | Monk |
| 24:05 | Queue | Villager (Male) |
| 24:10 | Queue | Armored Elephant |
| 24:12 | Queue | Villager (Male) |
| 24:19 | Queue | Villager (Male) |
| 24:25 | Queue | Villager (Male) |
| 24:29 | Queue | Armored Elephant |
| 24:52 | Queue | Villager (Male) |
| 24:59 | Queue | Villager (Male) |
| 25:08 | Queue | Villager (Male) |
| 25:15 | Queue | Armored Elephant |
| 25:20 | Queue | Villager (Male) |
| 25:26 | Build | Lumber Camp |
| 25:30 | Queue | Villager (Male) |
| 25:33 | Build | Farm |
| 25:34 | Build | Farm |
| 25:34 | Build | Farm |
| 25:34 | Build | Farm |
| 25:35 | Build | Farm |
| 25:35 | Build | Farm |
| 25:37 | Queue | Armored Elephant |
| 25:45 | Queue | Monk |
| 26:02 | Queue | Villager (Male) |
| 26:07 | Build | Mining Camp |
| 26:08 | Queue | Villager (Male) |
| 26:15 | Research | Bodkin Arrow |
| 26:17 | Build | Farm |
| 26:18 | Build | Farm |
| 26:18 | Build | Farm |
| 26:18 | Build | Farm |
| 26:18 | Build | Farm |
| 26:19 | Queue | Villager (Male) |
| 26:51 | Queue | Villager (Male) |
| 27:04 | Queue | Villager (Male) |
| 27:27 | Queue | Villager (Male) |
| 27:29 | Build | Lumber Camp |
| 27:51 | Queue | Villager (Male) |
| 28:03 | Build | Mining Camp |
| 28:22 | Research | Imperial Age |
| 28:22 | Research | Imperial Age |
Match timeline
| 8:57 | Ing.Patrick QG · age_up feudal |
| 9:23 | DS_MD · age_up feudal |
| 18:03 | Ing.Patrick QG · first_building Barracks |
| 19:53 | Ing.Patrick QG · age_up castle |
| 19:55 | Ing.Patrick QG · first_building Monastery |
| 20:05 | Ing.Patrick QG · first_building Siege Workshop |
| 20:22 | DS_MD · first_building Barracks |
| 22:45 | DS_MD · age_up castle |
| 22:50 | DS_MD · first_building Castle |
| 22:53 | DS_MD · first_building Monastery |
| 23:06 | Ing.Patrick QG · first_market_sell 100 food |
| 23:09 | DS_MD · first_building Siege Workshop |
| 23:56 | Ing.Patrick QG · first_building Castle |
| 24:40 | DS_MD · wall_segment Stone Wall x1 |
| 28:37 | Ing.Patrick QG · first_building Stable |
| 28:38 | DS_MD · wall_segment Palisade Wall x1 |
| 29:02 | DS_MD · first_market_sell 100 wood |
| 30:21 | DS_MD · first_building Stable |
| 31:32 | Ing.Patrick QG · age_up imperial |
| 32:57 | DS_MD · age_up imperial |
| 33:04 | DS_MD · first_market_buy 100 wood |
| 37:01 | DS_MD · resign |
[ AI ANALYSIS · 1 CREDIT ]
What really happened in this match?
Wolo.gg analyzes every decision: build order, eco, micro, common mistakes by bracket. Personalized analysis on WhatsApp or Discord in 30 seconds.
Civ guide
Lithuanians
Perfil
Jugador #2457324